 Dungeon Crawl Stone Soup version 0.31.0-11-ge490571c62 (webtiles) character file.

Game seed: 7648388959654844644

45 Drazool the Chiller (level 3, 0/24 HPs)
             Began as a Human Ice Elementalist on Jan 27, 2024.
             Killed by nerve-wracking pain
             ... invoked by an orc priest
              (6 damage)
             ... on level 2 of the Dungeon.
             The game lasted 00:05:13 (1313 turns).

Drazool the Chiller (Human Ice Elementalist)        Turns: 1313, Time: 00:05:14

Health: 0/24       AC:  2    Str:  8    XL:     3   Next: 64%
Magic:  1/6        EV: 12    Int: 17    God:
Gold:   107        SH:  0    Dex: 13    Spells: 2/6 levels left

rFire   . . .        (no weapon)
rCold   . . .        (no shield)
rNeg    . . .        a - +0 robe
rPois   .            (no helmet)
rElec   .            (no cloak)
rCorr   .            (no gloves)
SInv    .            (no boots)
Will    .....        (no amulet)
Stlth   ++           (no ring)
HPRegen 0.24/turn    (no ring)
MPRegen 0.10/turn

%: no passive effects
@: freezing walls
A: explore regen
a: no special abilities


You were on level 2 of the Dungeon.
You visited 1 branch of the dungeon, and saw 2 of its levels.

You collected 107 gold pieces.


Innate Abilities, Weirdness & Mutations

You regain HP and MP as you explore.


   Skills:
 - Level 2.0 Dodging
 - Level 2.0 Stealth
 - Level 2.0 Spellcasting
 + Level 5.2 Ice Magic


You had 2 spell levels left.
You knew the following spells:

 Your Spells              Type           Power      Damage    Failure   Level
f - Freeze                Ice            76%        1d8       2%          1
r - Frozen Ramparts       Ice            38%        1d6       7%          3

Your spell library contained the following spells:

 Spells                   Type           Power      Damage    Failure   Level
 Apportation              Tloc           2%         N/A       19%         1
 Jinxbite                 Hex            2%         N/A       28%         2
 Ozocubu's Armour         Ice            19%        N/A       7%          3
 Summon Ice Beast         Ice/Summ       10%        N/A       21%         3
 Dazzling Flash           Conj/Hex       2%         N/A       50%         3
 Tukima's Dance           Hex            1%         N/A       50%         3
 Volatile Blastmotes      Fire/Tloc      2%         2d10      50%         3
 Passage of Golubria      Tloc           1%         N/A       88%         4
 Alistair's Intoxication  Alch           0%         N/A       99%         5
 Yara's Violent Unravell  Hex/Alch       0%         3d3       99%         5
 Starburst                Conj/Fire      0%         6d3       100%        6
 Maxwell's Capacitive Co  Air            0%         ∞         100%        8

Inventory:

Armour
 a - a +0 robe (worn)
 c - a +0 pair of gloves
Scrolls
 f - a scroll of identify {unknown}
 g - a scroll of teleportation {unknown}
Potions
 b - a potion of magic
 d - a potion of berserk rage {unknown}
 e - a potion of attraction {unknown}

Dungeon Overview and Level Annotations

Branches:
Dungeon (2/15)

Altars:

#.#.# #.# #<.# #.#.#
#.###..#
#.#.####......#
#............##
#.######.##### ##.#
#.# #.# ######....#
#.######.###..........
#............#.###.##
########.#####@# #.#
#o# ... #.o..#
#........##.#
.......... .#
........... ..
..#.####...# ## #
....# .....


You could see an orc priest and an orc.


Message History

Unknown command.
Okay, then.
The wall freezes the adder. x2; The wall freezes the orc.
You kill the orc!
Unknown command.
The wall freezes the adder.
You kill the adder!
An orc comes into view. It is wielding a +0 hand axe.
Unknown command.
The wall freezes the orc priest!
Unknown command.
You barely miss the orc priest.
The orc priest is moderately wounded.
The wall freezes the orc priest.
The orc priest hits you with a +0 hand axe.
* * * LOW HITPOINT WARNING * * *
Unknown command.
You closely miss the orc priest.
The orc priest is heavily wounded.
The frozen ramparts melt away.
The orc priest closely misses you.
Unknown command.
Casting: Frozen Ramparts (quite dangerous; 7% risk of failure)
Confirm with . or Enter, or press ? or * to list all spells.
Casting: Frozen Ramparts (quite dangerous; 7% risk of failure)
Press: ? - help, Dir - look around, f - activate The walls around you are covered in ice.
The wall freezes the orc.
The wall freezes the orc priest.
The orc priest calls down the wrath of Beogh upon you.
Pain shoots through your body!
You die...

Skill      XL: |  1  2  3 |
---------------+----------+-----
Ice Magic      | 5 |  5.2
Dodging        | |  2.0
Stealth        | |  2.0
Spellcasting   | |  2.0

Action                     || total
---------------------------++-------
  Melee: Unarmed           ||    10
   Cast: Freeze            ||    34
         Frozen Ramparts   ||     5
 Armour: Robe              ||    14
  Dodge: Dodged            ||    16

Levels and vault maps discovered:
D:1:      saegor_arrival_simple_a, layout_loops_ring
D:2:      layout_loops_ring, uniq_crazy_yiuf_cottage, uniq_sigmund

Notes
Turn   | Place    | Note
-------+----------+-------------------------------------------
     0 | D:1      | Drazool the Human Ice Elementalist began the quest for the
                  | Orb.
     0 | D:1      | Reached XP level 1. HP: 13/13 MP: 3/3
   278 | D:1      | Reached XP level 2. HP: 19/19 MP: 3/5
   833 | D:1      | Reached XP level 3. HP: 24/24 MP: 4/6
  1014 | D:1      | Learned a level 3 spell: Frozen Ramparts
  1070 | D:1      | Reached skill level 5 in Ice Magic
  1313 | D:2      | Killed from afar by an orc priest

Vanquished Creatures
  An adder (D:2)
  A dart slug (D:1)
  2 orcs (D:2)
  3 endoplasms
  3 goblins (D:1)
  4 hobgoblins (D:1)
  3 jackals (D:1)
  A kobold (D:1)
  3 ball pythons (D:1)
  4 bats
  2 frilled lizards (D:1)
  2 rats
29 creatures vanquished.

Table legend: (Time is in decaauts)
 A = Elapsed time spent in this place.
 B = Non-inter-level travel time spent in this place.
 C = Inter-level travel time spent in this place.
 D = Time resting spent in this place.
 E = Time spent auto-exploring this place.
 F = Levels seen in this place.
 G = Mean time per level.
                   A        B        C        D        E       F      G
               +--------+--------+--------+--------+--------+-----+--------+
         Total |   1312 |   1283 |     29 |    179 |    861 |   2 |  656.0 |
       Dungeon |   1312 |   1283 |     29 |    179 |    861 |   2 |  656.0 |
               +--------+--------+--------+--------+--------+-----+--------+

Top non-repeatable levels by time:
     D:1: 1211 daAuts
     D:2: 101 daAuts

Table legend:
 A = Non-vault XP
 B = Vault XP
 C = Vault XP percentage of total XP
 D = Non-vault monster count
 E = Vault monster count
 F = Vault count percentage of total count
                 A         B        C        D         E       F
            +---------+---------+-------+---------+---------+-------
      Total |      65 |       0 |   0.0 |      29 |       0 |   0.0
            +---------+---------+-------+---------+---------+-------
        D:1 |      41 |       0 |   0.0 |      23 |       0 |   0.0
        D:2 |      24 |       0 |   0.0 |       6 |       0 |   0.0
            +---------+---------+-------+---------+---------+-------
